 Dungeon Crawl Stone Soup version 0.19.1 (webtiles) character file.

131 Milesaru the Ruffian (level 4, 0/45 HPs)
             Began as a Troll Monk on Dec 15, 2016.
             Slain by a steam dragon (11 damage)
             ... on level 3 of the Dungeon.
             The game lasted 00:04:46 (1522 turns).

Milesaru the Ruffian (Troll Monk)                   Turns: 1522, Time: 00:04:47

Health: 0/45       AC:  5    Str: 19    XL:     4   Next: 91%
Magic:  3/3        EV: 11    Int:  6    God:
Gold:   115        SH:  0    Dex: 13    Spells: 0 memorised, 3 levels left

rFire  . . .     SeeInvis .       - Unarmed
rCold  . . .     Gourm    +     e - +0 robe (curse)
rNeg   . . .     Faith    .     (no shield)
rPois  .         Spirit   .     (helmet restricted)
rElec  .         Reflect  .     (no cloak)
rCorr  .         Harm     .     (gloves unavailable)
MR     .....                    (boots unavailable)
Stlth  ++........               (no amulet)
                                (no ring)
                                (no ring)

@: no status effects
A: unfitting armour, claws 3, fast metabolism 3, gourmand, regeneration 1,
shaggy fur 1, tough skin 2
a: no special abilities


You were on level 3 of the Dungeon.
You were completely stuffed.

You visited 1 branch of the dungeon, and saw 3 of its levels.

You collected 115 gold pieces.

Inventory:

Missiles
 f - 28 stones (quivered)
Armour
 a - a +0 robe
 e - a cursed +0 robe (worn)
Scrolls
 c - a scroll of fog {unknown}
 d - 3 scrolls of identify {unknown}
 g - 2 scrolls of recharging {unknown}
 i - 2 scrolls of amnesia {unknown}
 m - a scroll of teleportation {unknown}
Potions
 k - 2 potions of brilliance {unknown}
Comestibles
 b - 2 bread rations
 h - a beef jerky
 j - 2 meat rations
 n - a slice of pizza


   Skills:
 + Level 3.2 Fighting
 + Level 2.9 Dodging
 - Level 1.0 Stealth
 * Level 4.6 Unarmed Combat


You had 3 spell levels left.
You didn't know any spells.

Dungeon Overview and Level Annotations

Branches:
Dungeon (3/15)

Altars:


Innate Abilities, Weirdness & Mutations

You are too large for most types of armour.
You have claws for hands.
Your metabolism is lightning-fast.
You like to eat raw meat.
Your natural rate of healing is unusually fast.
You are covered in fur. (AC +1)
You have very tough skin. (AC +2)


Message History

The steam dragon is moderately wounded.
The steam dragon breathes steam at you. The ball of steam hits you!
You hear a shout! x3; You hear an angry hiss.
You hear a shout! x2
You scratch the steam dragon.
You claw the steam dragon, but do no damage.
The steam dragon is heavily wounded.
You are engulfed in a cloud of scalding steam.
The steam dragon bites you but does no damage.
The steam dragon barely misses you.
You closely miss the steam dragon.
The steam dragon is heavily wounded.
You are engulfed in a cloud of scalding steam.
* * * LOW HITPOINT WARNING * * *
The steam dragon barely misses you. The steam dragon closely misses you.
The goblin hits you.
* * * LOW HITPOINT WARNING * * *
A worm comes into view.
The steam dragon bites you!
You die...

# #...# # .#.##...##
.## .........##
###..## .... .....#
....... .....
#...####......
......#..$......$...
....!..<§§§§§g..#
.........§§.§D..#
........§?§§§@..#
.......).............
######..........#####
#..........#
##.........#
#.....[.....#
#.......[....
......w...###


You could see a steam dragon, a worm and a goblin.

Vanquished Creatures
  Robin (D:2)
  6 adders (D:2)
  2 worms (D:2)
  A dart slug (D:1)
  4 leopard geckos
  5 bats
  6 giant cockroaches
  11 goblins
  4 hobgoblins
  6 kobolds
  A quokka (D:2)
  A frilled lizard (D:1)
  7 rats
55 creatures vanquished.

Notes
Turn   | Place    | Note
-------+----------+-------------------------------------------
     0 | D:1      | Milesaru the Troll Monk began the quest for the Orb.
     0 | D:1      | Reached XP level 1. HP: 22/22 MP: 0/0
   278 | D:1      | Reached XP level 2. HP: 29/29 MP: 1/1
   864 | D:2      | Reached skill level 4 in Unarmed Combat
   864 | D:2      | Reached XP level 3. HP: 36/36 MP: 2/2
  1138 | D:2      | Reached XP level 4. HP: 40/45 MP: 3/3
  1182 | D:2      | Noticed Robin
  1188 | D:2      | Killed Robin
  1513 | D:3      | Noticed a steam dragon
  1522 | D:3      | Slain by a steam dragon

Skill      XL: |  1  2  3 |
---------------+----------+-----
Unarmed Combat | 4 |  4.6
Fighting       | 3 |  3.2
Dodging        | |  2.9
Stealth        | |  1.0

Action                   |  1- 3 |  4- 6 || total
-------------------------+-------+-------++-------
Melee: Unarmed           |    84 |    40 ||   124
       Punch             |       |     1 ||     1
 Stab: Sleeping          |     5 |       ||     5
  Eat: Chunk             |    11 |     3 ||    14
       Meat ration       |     1 |       ||     1
Armor: Robe              |    17 |    19 ||    36
Dodge: Dodged            |    43 |    34 ||    77
